Map: Tempio ghiacciato

Players

Jhyrachy

  • Race: Zerg Zerg
  • League: Gold

Gloomyan - Winner!

  • Race: Zerg Zerg
  • League: Gold

VOD

Have the link to the VOD?

Description

Time

  • Played on: April 20, 2016, 6:37 a.m.
  • Length: 11:08
Show
View Real Time Build Order
Export as new Build Order

Jhyrachy Zerg 

Build Orders: Pool First 

Get SALT Encoding   

  12  0:01  Drone  
  13  0:08  Drone  
  14  0:17  Overlord  
  14  0:36  Drone x3  
  17  0:47  Spawning Pool  
  17  0:48  Drone  
  17  0:53  Extractor  
  16  0:58  Drone  
  17  1:09  Drone  
  18  1:20  Drone  
  19  1:31  Overlord  
  19  1:34  Queen  
  21  1:46  Hatchery  
  20  1:48  Drone  
  21  1:55  Metabolic Boost  
  21  2:06  Zergling x4  
  23  2:22  Drone, Extractor  
  23  2:40  Roach Warren  
  22  2:57  Queen  
  24  3:06  Queen  
  26  3:20  Roach  
  26  3:21  Roach x4  
  26  3:23  Overlord x2  
  36  3:53  Roach  
  36  3:54  Roach x4  
  46  4:01  Drone x2  
  46  4:36  Drone  
  46  4:37  Drone x5  
  52  4:38  Overlord  
  52  4:57  Drone x5  
  37  5:39  Spore Crawler  
  37  5:42  Roach x7  
  50  5:48  Spore Crawler  
  49  5:52  Queen  
  49  5:53  Queen  
  53  5:57  Drone x3  
  56  6:11  Ravager x4  
  60  6:13  Overlord x2  
  60  6:40  Roach  
  60  6:41  Roach x7  
  60  6:43  Overlord x3  
  76  7:01  Drone  
  77  7:02  Drone x2  
  79  7:22  Zergling x2  
  80  7:23  Zergling x14  
  87  7:45  Queen  
  87  7:46  Queen  
  87  7:48  Roach x3  
  87  7:49  Roach  
  87  7:50  Overlord x2  
  67  9:36  Roach x5  
  67  9:37  Roach x8  
  79  9:41  Lair  
  69  9:50  Roach x2  
  73  9:57  Spine Crawler  
  72  10:18  Hatchery  
  51  10:34  Zergling x8  
  51  10:35  Zergling x14  
Show
View Real Time Build Order
Export as new Build Order

Gloomyan Zerg - Winner!

Build Orders: Pool First 

Get SALT Encoding   

  12  0:01  Drone  
  13  0:12  Overlord  
  13  0:18  Drone  
  14  0:31  Drone x2  
  16  0:35  Drone  
  17  0:46  Spawning Pool  
  16  0:56  Overlord  
  16  1:02  Drone  
  17  1:23  Hatchery  
  16  1:33  Zergling x6  
  16  1:38  Queen  
  21  1:45  Zergling x2  
  22  1:56  Zergling x2  
  23  2:06  Zergling x2  
  24  2:17  Zergling x2  
  25  2:24  Roach Warren  
  25  2:28  Zergling x2  
  25  2:39  Drone  
  25  2:40  Queen  
  25  2:41  Drone  
  29  2:49  Extractor  
  28  2:52  Drone x4  
  28  2:54  Extractor  
  28  2:57  Drone  
  32  3:10  Drone  
  32  3:11  Drone  
  34  3:25  Roach  
  36  3:31  Overlord  
  36  3:32  Overlord x3  
  36  3:42  Lair  
  36  3:50  Drone x4  
  36  3:52  Drone x2  
  42  3:56  Drone  
  42  4:00  Drone  
  42  4:02  Drone  
  45  4:09  Metabolic Boost  
  45  4:13  Drone  
  45  4:15  Drone  
  47  4:37  Drone x5  
  52  4:46  Hydralisk Den  
  52  4:48  Glial Reconstitution  
  52  4:50  Roach x2  
  52  4:52  Roach  
  57  5:03  Roach x2  
  59  5:10  Roach  
  59  5:15  Roach x2  
  59  5:19  Roach  
  60  5:26  Roach  
  60  5:28  Roach  
  62  5:29  Overlord x2  
  62  5:32  Roach  
  64  5:38  Extractor  
  64  5:39  Drone, Extractor  
  64  5:40  Drone, Queen  
  66  5:54  Overseer  
  66  6:01  Roach x3  
  66  6:02  Roach  
  74  6:09  Drone x2  
  74  6:10  Drone x2  
  78  6:16  Drone x4  
  82  6:28  Roach  
  84  6:33  Overlord x3  
  84  6:40  Pneumatized Carapace  
  84  6:51  Hydralisk x3, Muscular Augments  
  84  6:54  Hydralisk  
  92  7:07  Overseer  
  92  7:13  Hatchery  
  92  7:14  Hydralisk x3  
  97  7:21  Evolution Chamber  
  96  7:24  Evolution Chamber  
  96  7:25  Burrow  
  96  7:28  Hydralisk  
  97  7:31  Roach x2  
  101  7:39  Hydralisk  
  101  7:40  Hydralisk  
  105  7:57  Zerg Missile Weapons Level 1  
  105  8:04  Zerg Ground Armor Level 1  
  105  8:21  Roach  
  103  8:47  Hydralisk x2, Roach x2  
  103  8:48  Roach  
  103  9:17  Hydralisk x2, Roach  
  103  9:18  Roach x2  
  97  9:37  Hydralisk x3  
  97  9:38  Hydralisk x3, Roach x4  
  105  9:39  Roach x2  
  105  9:40  Roach  
  113  9:53  Drone  
  113  9:58  Overlord x7  
  113  9:59  Overlord x2  
  102  10:36  Hydralisk  
  102  10:37  Hydralisk x4, Roach x3  
  102  10:38  Hydralisk, Roach x3  
Tags
 
Add a new tag
Caveats
  • Supply blocks, unpowered buildings, or Contaminate may cause inaccurate times.
  • Supply counts are checked every 10 seconds.